 Dungeon Crawl Stone Soup version 0.17-a0-1382-gc46a074 (webtiles) character file.

147405 ololoev the Fencer (level 16, -9/123 HPs)
             Began as a Mummy Warper on June 11, 2015.
             Was an Initiate of Gozag.
             Killed from afar by Nikola (31 damage)
             ... with a chain lightning
             ... on level 3 of the Snake Pit on June 15, 2015.
             The game lasted 02:17:12 (40673 turns).

ololoev the Fencer (Mummy Warper)                  Turns: 40673, Time: 02:17:12

Health: -9/123     AC: 24    Str: 22    XL:     16   Next: 91%
Magic:  11/19      EV: 14    Int: 14    God:    Gozag
Gold:   784        SH:  0    Dex: 20    Spells: 7 memorised, 2 levels left

rFire  . . .     SeeInvis +     a - +9 demon blade (freeze)
rCold  + . .     Clarity  .     u - +1 chain mail "Heofuol" {Str+5 Slay+3}
rNeg   + + +     SustAt   .     (no shield)
rPois  ∞         Gourm    .     l - +2 helmet
rElec  .         Spirit   .     p - +2 cloak {+Inv}
rCorr  .         Warding  .     h - +2 pair of gloves
rMut   +         Stasis   .     e - +0 pair of boots of Maqecvej {*Contam rF+ SInv}
MR     +++..                    q - amulet "Paphehui" {rMut Slay+6}
Stlth  ..........               d - ring "Suiqoecs" {MR+ SInv}
                                r - +6 ring of dexterity

@: extremely resistant to hostile enchantments, extremely unstealthy
A: no food or potions, fire vulnerability, cold resistance 1, negative energy
resistance 3, torment resistance, unbreathing, in touch with death 1, restore
body
a: Self-Restoration, Potion Petition, Call Merchant, Bribe Branch, Renounce
Religion, Evoke Invisibility


Innate Abilities, Weirdness & Mutations

You do not eat or drink.
Your flesh is vulnerable to fire.
You are immune to poison.
Your flesh is cold resistant.
You are immune to negative energy.
You are immune to unholy pain and torment.
You can survive without breathing.
You are in touch with the powers of death.
You can restore your body by infusing magical energy.

Inventory:

Hand weapons
 a - a +9 demon blade of freezing (weapon)
Armour
 c - a +2 shield
 e - the +0 pair of boots of Maqecvej (worn) {*Contam rF+ SInv}
   (You acquired it on level 7 of the Lair of Beasts)

   It protects you from fire.
   It lets you see invisible.
   It causes magical contamination when unequipped.
 h - a +2 pair of gloves (worn)
 l - a +2 helmet (worn)
 p - a +2 cloak of invisibility (worn)
 u - the +1 chain mail "Heofuol" (worn) {Str+5 Slay+3}
   (You bought it in a shop on level 6 of the Dungeon)

   It affects your strength (+5).
   It affects your accuracy and damage with ranged weapons and melee attacks
   (+3).
Jewellery
 d - the ring "Suiqoecs" (right hand) {MR+ SInv}
   (You bought it in a shop on level 13 of the Dungeon)

   [ring of see invisible]

   It affects your resistance to hostile enchantments.
   It lets you see invisible.
 m - an uncursed amulet of regeneration
 q - the amulet "Paphehui" (around neck) {rMut Slay+6}
   (You bought it in a shop on level 13 of the Dungeon)

   [amulet of resist mutation]

   It protects you from mutation.
   It affects your accuracy and damage with ranged weapons and melee attacks
   (+6).
 r - a +6 ring of dexterity (left hand)
 A - the amulet "Sokitz" {Spirit rF+ Int+4}
   (You found it on level 1 of the Snake Pit)

   [amulet of guardian spirit]

   It causes incoming damage to be split between your health and magic.
   It affects your intelligence (+4).
   It protects you from fire.
Magical devices
 f - a wand of invisibility (7)
 n - a wand of disintegration (15)
 o - a wand of teleportation (3)
Scrolls
 b - 3 scrolls of fear
 g - 4 scrolls of recharging
 i - 11 scrolls of remove curse
 k - 3 scrolls of teleportation
 s - a scroll of blinking
 t - 5 scrolls of identify
 v - 3 scrolls of magic mapping
 x - a scroll of brand weapon
 y - 4 scrolls of amnesia
 z - a scroll of torment
 C - a scroll of enchant weapon
Books
 j - an Akashic Record {highlevel}

   This book is beyond your current level of understanding.

   Spells                             Type                      Level
   a - Dispersal                      Translocation                6
   b - Controlled Blink               Translocation                7
   c - Malign Gateway                 Summoning/Translocation      7
   d - Disjunction                    Translocation                8
   e - Singularity                    Translocation                9
 B - a book of the Warp

   Spells                             Type                      Level
   a - Recall                         Summoning/Translocation      3
   b - Gell's Gravitas                Hexes/Translocation          3
   c - Force Lance                    Conjuration/Translocation    4
   d - Phase Shift                    Translocation                5
   e - Warp Weapon                    Charms/Translocation         5
   f - Summon Forest                  Summoning/Translocation      5
Miscellaneous
 w - a fan of gales (inert)


   Skills:
 - Level 10.3 Fighting
 - Level 16.8 Long Blades
 - Level 0.7 Throwing
 - Level 9.5 Armour
 + Level 8.9 Dodging
 * Level 7.3 Shields
 - Level 2.0 Spellcasting
 * Level 11.1 Hexes
 + Level 8.9 Translocations


You had 2 spell levels left.
You knew the following spells:

 Your Spells              Type           Power        Failure   Level  Hunger
a - Apportation           Tloc           ####......   4%          1    N/A
b - Blink                 Tloc           N/A          8%          2    N/A
c - Teleport Other        Tloc           ####....     14%         3    N/A
d - Confuse               Hex            ####....     6%          3    N/A
e - Tukima's Dance        Hex            ####....     6%          3    N/A
f - Repel Missiles        Chrm/Air       #.....       99%         2    N/A
g - Gell's Gravitas       Hex/Tloc       ####......   10%         3    N/A


You were on level 3 of the Snake Pit.
You worshipped Gozag.
Gozag was noncommittal.
You were not hungry.

You visited 3 branches of the dungeon, and saw 26 of its levels.
You visited the Abyss 1 time.

You collected 11473 gold pieces.
You spent 3487 gold pieces at shops.
You paid 7202 gold pieces to Gozag.

..##........................
#..................##(...
#.../..............'(....
#.#......(...#.)...##(...
###+#...........?(#####.(..
#....#@###........##...[..(
#.........@...)[..##.......
...........###....((.###.......
......?.......@..((((.##.......
..........#.N#E..#(##.#........
...........$.S....[<#.))..#....
.....#.....#.###....[).........
...........#.##.....)..........
....####......#...(............
#......#...(.......##...
.......####........# ...
#.......# #........# ..

Notes
Turn   | Place    | Note
--------------------------------------------------------------
     0 | D:1      | ololoev the Mummy Warper began the quest for the Orb.
     0 | D:1      | Reached XP level 1. HP: 16/16 MP: 3/3
    51 | D:1      | Reached skill level 1 in Armour
    62 | D:1      | Reached XP level 2. HP: 17/22 MP: 5/5
   832 | D:2      | Found a faded altar to an unknown god.
   841 | D:2      | Became a worshipper of Gozag Ym Sagoz the Greedy
   851 | D:2      | Reached XP level 3. HP: 23/27 MP: 6/6
  1177 | D:2      | Reached skill level 3 in Long Blades
  1574 | D:2      | Reached XP level 4. HP: 29/33 MP: 4/7
  2739 | D:3      | Found an ancient bone altar of Kikubaaqudgha.
  2741 | D:3      | Noticed a human
  2742 | D:3      | Killed a human
  2798 | D:3      | Found a stormy altar of Qazlal.
  2868 | D:3      | Reached XP level 5. HP: 34/38 MP: 6/8
  2872 | D:3      | Learned a level 2 spell: Blink
  2876 | D:3      | Learned a level 3 spell: Teleport Other
  3404 | D:3      | Reached skill level 4 in Long Blades
  3790 | D:4      | Found an opulent altar of Gozag.
  4032 | D:4      | Reached XP level 6. HP: 32/44 MP: 6/9
  4202 | D:4      | Noticed Sigmund
  4267 | D:4      | Killed Sigmund
  4267 | D:4      | Reached skill level 5 in Long Blades
  4390 | D:4      | Found Qaraz's Food Shop.
  4432 | D:4      | Noticed an ogre
  4452 | D:4      | Noticed Eustachio
  4452 | D:4      | Killed an ogre
  4452 | D:4      | Reached XP level 7. HP: 12/50 MP: 3/10
  4466 | D:4      | Noticed Aiteri's ghost (experienced SpEn)
  4782 | D:4      | Killed Aiteri's ghost
  4782 | D:4      | Reached skill level 6 in Long Blades
  4817 | D:4      | Killed Eustachio
  5697 | D:4      | Reached XP level 8. HP: 39/56 MP: 8/11
  5720 | D:4      | Noticed Edmund
  6083 | D:4      | Killed Edmund
  6212 | D:5      | Entered Level 5 of the Dungeon
  6267 | D:5      | Reached skill level 7 in Long Blades
  6351 | D:5      | Found a snail-covered altar of Cheibriados.
  6505 | D:5      | Found a glowing silver altar of Zin.
  6651 | D:5      | Found a bloodstained altar of Trog.
  6731 | D:6      | Found a shattered altar of Ashenzari.
  6736 | D:6      | Found Eprummap's Magic Scroll Boutique.
  6745 | D:6      | Bought a scroll of enchant armour for 90 gold pieces
  6745 | D:6      | Bought a scroll of teleportation for 36 gold pieces
  6745 | D:6      | Bought a scroll of blinking for 90 gold pieces
  6889 | D:6      | Found Xogib's Assorted Antiques.
  6910 | D:6      | Found a staircase to the Ecumenical Temple.
  6918 | D:6      | Bought a runed chain mail for 76 gold pieces
  6996 | D:6      | Noticed Blork the orc
  7098 | D:6      | Reached skill level 5 in Armour
  7309 | D:6      | Reached skill level 8 in Long Blades
  7371 | D:6      | Found a deep blue altar of Sif Muna.
  7739 | D:6      | Found Oxtibry's Antique Armour Shop.
  7969 | D:6      | Reached XP level 9. HP: 26/61 MP: 6/12
  8387 | D:6      | Killed Blork the orc
  8994 | D:6      | Reached skill level 9 in Long Blades
  9077 | D:6      | Bought a polished chain mail for 237 gold pieces
  9087 | D:6      | Identified the cursed +1 chain mail "Heofuol" {Str+5 Slay+3} (You bought it in a shop on level 6 of the Dungeon)
  9918 | D:7      | Noticed Joseph
  9944 | D:7      | Found Qostropsiq's Assorted Antiques.
 10011 | D:6      | Bought a pair of fine boots for 237 gold pieces
 10016 | D:6      | Identified the +0 pair of boots "Neot" {rF- Regen+ Str+2 Slay+5} (You bought it in a shop on level 6 of the Dungeon)
 10127 | D:7      | Killed Joseph
 10127 | D:7      | Reached skill level 10 in Long Blades
 10328 | D:7      | Found Poytrum's Gadget Shoppe.
 10724 | D:7      | Reached XP level 10. HP: 64/67 MP: 13/13
 11049 | D:8      | Found Qehoat's Jewellery Shoppe.
 11328 | D:8      | Found a staircase to the Lair.
 11874 | D:8      | Reached skill level 11 in Long Blades
 12473 | Lair:1   | Entered Level 1 of the Lair of Beasts
 12473 | Lair:1   | Noticed an oklob plant
 12495 | Lair:1   | Learned a level 5 spell: Phase Shift
 12612 | Lair:1   | Reached XP level 11. HP: 62/72 MP: 11/14
 12823 | Lair:1   | Learned a level 3 spell: Tukima's Dance
 13652 | Lair:1   | Reached skill level 5 in Translocations
 14032 | Lair:1   | Killed an oklob plant
 14186 | D:9      | Found Hohat's Antique Weapon Boutique.
 14389 | D:6      | Bought a scroll of identify for 24 gold pieces
 14389 | D:6      | Bought a scroll of identify for 24 gold pieces
 14389 | D:6      | Bought a scroll of identify for 24 gold pieces
 14389 | D:6      | Bought a scroll of identify for 24 gold pieces
 14389 | D:6      | Bought a scroll of identify for 24 gold pieces
 14647 | Lair:2   | Reached skill level 12 in Long Blades
 15244 | Lair:2   | Noticed a seven-headed hydra
 15249 | Lair:2   | Killed a seven-headed hydra
 15924 | Lair:3   | Found a staircase to the Shoals.
 16273 | Lair:3   | Reached XP level 12. HP: 68/78 MP: 13/15
 16786 | Lair:4   | Reached skill level 13 in Long Blades
 16914 | Lair:4   | Noticed a six-headed hydra
 16928 | Lair:4   | Killed a six-headed hydra
 17546 | Lair:4   | Noticed Snorg
 17596 | Lair:4   | Killed Snorg
 17596 | Lair:4   | Reached skill level 1 in Hexes
 18630 | Lair:4   | Got a pitted rapier
 18631 | Lair:4   | Identified the +7 rapier "Jesuattosk" {distort, rPois rF- Int+2 Dex+2} (You found it on level 4 of the Lair of Beasts)
 18669 | Lair:5   | Found a staircase to the Snake Pit.
 18954 | Lair:5   | Gained mutation: You are in touch with the powers of death. [Mummy growth]
 18954 | Lair:5   | Gained mutation: You can restore your body by infusing magical energy. [Mummy growth]
 18954 | Lair:5   | Reached XP level 13. HP: 80/88 MP: 14/16
 19002 | Lair:5   | Noticed a catoblepas
 19015 | Lair:5   | Killed a catoblepas
 19147 | Lair:5   | Noticed a seven-headed hydra
 19443 | Lair:5   | Noticed a six-headed hydra
 19600 | Lair:5   | Banished a six-headed hydra
 19695 | Lair:5   | Cast into the Abyss (a distortion unwield)
 19768 | Abyss:1  | Noticed a starcursed mass
 19897 | Abyss:1  | Noticed a starcursed mass
 20002 | Abyss:1  | Found a corrupted altar of Lugonu.
 20073 | Abyss:1  | Noticed a bone dragon
 20098 | Abyss:1  | Reached skill level 14 in Long Blades
 20211 | Abyss:1  | Noticed a lich
 20215 | Abyss:1  | Noticed a tentacled starspawn
 20225 | Abyss:1  | Noticed a balrug
 20468 | Abyss:1  | Noticed a starcursed mass
 20486 | Abyss:1  | Reached skill level 5 in Fighting
 20499 | Abyss:1  | Killed a starcursed mass
 20504 | Abyss:1  | Killed a starcursed mass
 20508 | Abyss:1  | Noticed a green very ugly thing
 20526 | Abyss:1  | Killed a green very ugly thing
 20950 | Abyss:1  | Noticed a brown very ugly thing
 20955 | Abyss:1  | Killed a starcursed mass
 20964 | Abyss:1  | Noticed a tentacled starspawn
 20978 | Abyss:1  | Noticed a starcursed mass
 20981 | Abyss:1  | Killed a tentacled starspawn
 20981 | Abyss:1  | Reached skill level 5 in Dodging
 20981 | Abyss:1  | Reached skill level 5 in Hexes
 21011 | Abyss:1  | Noticed a kraken
 21015 | Abyss:1  | HP: 3/93 [tentacle[a kraken] (10)]
 21138 | Abyss:2  | Noticed a tentacled starspawn
 21160 | Abyss:2  | Killed a tentacled starspawn
 21366 | Abyss:2  | Found a sacrificial altar of Ru.
 21705 | Abyss:2  | Noticed a tentacled starspawn
 22046 | Abyss:3  | Learned a level 3 spell: Confuse
 22094 | Lair:5   | Escaped the Abyss
 22270 | Lair:5   | Killed a seven-headed hydra
 22400 | Lair:6   | Found a staircase to the Snake Pit.
 22539 | Lair:6   | Reached XP level 14. HP: 101/101 MP: 17/17
 23340 | Lair:7   | Reached skill level 15 in Long Blades
 24245 | D:7      | Bought a glass wand for 108 gold pieces
 24245 | D:7      | Bought a glowing bone ring for 135 gold pieces
 24245 | D:7      | Bought a shiny fluorescent wand for 108 gold pieces
 24590 | Lair:8   | Entered Level 8 of the Lair of Beasts
 24733 | Lair:8   | Found a staircase to the Slime Pits.
 25787 | Lair:8   | Found a runed door.
 26884 | Lair:8   | Reached XP level 15. HP: 61/112 MP: 10/18
 27771 | Lair:8   | Found a blossoming altar of Fedhas.
 28050 | Lair:7   | Reached skill level 16 in Long Blades
 28202 | Lair:7   | Identified 3 scrolls of acquirement
 28722 | Lair:7   | Got a faintly humming hat
 28733 | Lair:7   | Identified the +1 hat of Shadows and Fog {rC+ Str-5 Slay+3} (You acquired it on level 7 of the Lair of Beasts)
 28741 | Lair:7   | Got a pair of faintly glowing boots
 28752 | Lair:7   | Identified the +0 pair of boots of Maqecvej {*Contam rF+ SInv} (You acquired it on level 7 of the Lair of Beasts)
 29422 | D:10     | Entered Level 10 of the Dungeon
 30047 | D:10     | Reached skill level 1 in Shields
 30178 | D:11     | Found Tiyvvutz's Antique Weapon Shoppe.
 30187 | D:11     | Bought a glowing demon blade for 510 gold pieces
 30237 | D:12     | Found Pusoligigu's Weapon Shoppe.
 30285 | D:12     | Found Rihum's Weapon Shop.
 30316 | D:12     | Upgraded the game from 0.17-a0-1360-g37db002 to 0.17-a0-1382-gc46a074
 31636 | D:11     | Found a portal to a secret trove of treasure.
 32736 | D:13     | Found Tejakuen's Jewellery Shop.
 32745 | D:13     | Bought the ring "Suiqoecs" {MR+ SInv} for 303 gold pieces
 32746 | D:13     | Bought the amulet "Paphehui" {rMut Slay+6} for 794 gold pieces
 33565 | D:13     | Bought a +6 ring of dexterity for 643 gold pieces
 33807 | D:13     | Found a runed door.
 33824 | D:13     | HP: 5/114 [ettin/dire flail (32)]
 34654 | D:14     | Noticed Frances
 34662 | D:14     | Killed Frances
 34845 | D:14     | Found a gate to the Vaults.
 35031 | D:14     | Noticed Azrael
 35063 | D:14     | Killed Azrael
 35107 | D:14     | Reached XP level 16. HP: 109/122 MP: 19/19
 35327 | D:14     | Found a shadowy altar of Dithmenos.
 35399 | D:14     | Reached skill level 10 in Fighting
 36050 | D:15     | Entered Level 15 of the Dungeon
 36059 | D:15     | Reached skill level 5 in Shields
 36259 | D:15     | Found a staircase to the Depths.
 36615 | D:15     | Reached skill level 10 in Hexes
 36662 | D:15     | Learned a level 2 spell: Repel Missiles
 37527 | Snake:1  | Entered Level 1 of the Snake Pit
 37791 | Snake:1  | Got a sparkling golden amulet
 37793 | Snake:1  | Identified the amulet "Sokitz" {Spirit rF+ Int+4} (You found it on level 1 of the Snake Pit)
 38662 | Snake:2  | Learned a level 3 spell: Gell's Gravitas
 38976 | Snake:2  | Found a deep blue altar of Sif Muna.
 39613 | Snake:3  | Noticed Aizul
 39646 | Snake:3  | Killed Aizul
 40014 | Snake:3  | Noticed Vashnia
 40316 | Snake:3  | Killed Vashnia
 40628 | Snake:3  | Noticed Nikola
 40673 | Snake:3  | Killed from afar by Nikola

Dungeon Overview and Level Annotations

Branches:
Dungeon (15/15)            Temple (0/1) D:6            Lair (8/8) D:8
 Shoals (0/4) Lair:3        Snake (3/4) Lair:6        Slime (0/6) Lair:8
 Vaults (0/5) D:14         Depths (0/5) D:15
    Orc: D:9-12

Altars:
Ashenzari
Cheibriados
Dithmenos
Fedhas
Gozag
Kikubaaqudgha
Qazlal
Sif Muna
Trog
Zin

Shops:
D:4 %   D:6 *?[   D:7 *}   D:8 =   D:9 (   D:11 (   D:12 ((   D:13 =

Portals:
Trove: D:11 (give 21 scrolls of identify)

Annotations:
Lair:8 exclusion: oklob plant
Snake:3 Nikola


Message History

Your air elemental misses the mana viper.
The mana viper closely misses your air elemental.
Nikola mumbles some strange words.
Nikola blinks!
Your air elemental hits the mana viper!
The mana viper dies!
The anaconda bites your air elemental.
Your air elemental misses the anaconda.
Your air elemental hits the anaconda!
Your air elemental hits the anaconda.
You completely miss the mana viper.
Your air elemental completely misses the anaconda.
Your chain mail "Heofuol" prevents you from hitting the anaconda.
The anaconda is lightly wounded.
Your air elemental hits the anaconda.
The mana viper misses your air elemental.
The anaconda grabs you. The anaconda misses you. The anaconda constricts you.
You slice the anaconda!! You freeze the anaconda!
The anaconda is severely wounded.
Your air elemental barely misses the anaconda.
Your air elemental hits the anaconda but does no damage.
The anaconda closely misses you. The anaconda constricts you.
You slash the anaconda! You freeze the anaconda.
The anaconda is almost dead.
Your air elemental misses the anaconda.
The anaconda bites you! The anaconda constricts you.
You miss the anaconda.
The anaconda is almost dead.
Your air elemental hits the anaconda!
The anaconda dies!
Your air elemental hits the naga ritualist.
Nikola casts a spell.
You hear a mighty clap of thunder!
The lightning arc hits you!
The lightning arc hits your air elemental.
Your air elemental completely resists.
The lightning arc hits you!
The lightning arc hits your air elemental.
Your air elemental completely resists.
The lightning arc hits you!
You die...
Your body crumbles into a pile of gold.

You could see Nikola, a naga ritualist (unaware), a mana viper and a friendly air elemental.

Vanquished Creatures
  Vashnia (Snake:3)
  2 tentacled starspawn
  Frances (D:14)
  2 greater nagas (Snake:2)
  A frost giant (D:13)
  Aizul (Snake:3)
  A very ugly thing (Abyss:1)
  Azrael (D:14)
  Snorg (Lair:4)
  A deep elf high priest (D:15)
  An ettin (D:13)
  2 fire dragons
  A yaktaur captain (D:14)
  An ice dragon (D:15)
  16 hydras
  2 naga warriors
  2 centaur warriors
  4 anacondas
  A catoblepas (Lair:5)
  2 tengu warriors
  13 death yaks
  A deep troll earth mage (D:15)
  A shock serpent (Snake:1)
  5 naga sharpshooters (Snake:3)
  A fire crab (Lair:6)
  3 flayed ghosts
  7 hill giants
  A naga ritualist (Snake:3)
  An anaconda skeleton (Abyss:2)
  3 starcursed masses (Abyss:1)
  4 lindwurms
  3 mana vipers
  2 oklob plants
  3 griffons
  A sixfirhy (Abyss:2)
  2 manticores
  2 wolf spiders (Lair:8)
  A cyclops (D:14)
  A worldbinder (Abyss:1)
  16 spiny frogs
  6 elephants (Lair:4)
  A guardian serpent (Lair:8)
  11 ugly things
  5 naga magi
  Joseph (D:7)
  5 salamanders
  20 black mambas
  6 torpor snails (Lair:8)
  3 gargoyles
  2 centaur skeletons
  2 yaktaurs (D:14)
  A kobold demonologist (D:13)
  A fire drake (Lair:8)
  14 komodo dragons
  3 tengu conjurers
  3 trolls
  The ghost of Aiteri the Sneak, an experienced SpEn of Dithmenos (D:4)
  6 slime creatures
  A wolf spider simulacrum (D:11)
  A snapping turtle (Lair:3)
  An efreet (D:15)
  5 large abominations
  A queen bee (D:8)
  2 giant leeches (Lair:8)
  A dancing weapon (D:13)
  3 two-headed ogres
  2 raiju (Abyss:2)
  29 blink frogs
  2 trapdoor spiders
  A ynoxinul (Abyss:2)
  Sigmund (D:4)
  2 shadows
  A trapdoor spider (shapeshifter) (D:13)
  A vampire (D:13)
  A water elemental (Abyss:1)
  An ettin skeleton (Abyss:1)
  2 wraiths
  A centaur simulacrum (D:14)
  A hungry ghost (D:12)
  5 flying skulls (Abyss:2)
  Eustachio (D:4)
  2 fire elementals (D:14)
  5 hippogriffs
  57 yaks
  A basilisk (Lair:6)
  2 neqoxecs (Abyss:1)
  A deep elf fighter (D:6)
  11 vampire mosquitoes
  9 wyverns
  12 nagas
  Edmund (D:4)
  14 wolves
  A soldier ant (D:15)
  2 hell hounds (D:14)
  6 spiders (Lair:8)
  2 ogres
  A mottled dragon (D:11)
  31 water moccasins
  4 wasps
  16 porcupines
  A sky beast (D:11)
  9 orc warriors
  5 small abominations
  19 centaurs
  2 eyes of draining
  A phantom (D:6)
  3 ice beasts
  20 crocodiles
  22 giant frogs
  2 big kobolds
  Blork the orc (D:6)
  5 brain worms
  A giant frog (shapeshifter) (D:14)
  A water moccasin skeleton (D:7)
  A gnoll sergeant (D:6)
  49 killer bees
  6 wights
  A scorpion (D:4)
  4 electric eels
  11 crimson imps
  An iron imp (Abyss:2)
  6 centaur zombies
  2 quasits
  9 hounds
  2 giant frog zombies
  5 jellies
  21 orc wizards
  4 giant frog skeletons
  7 orc priests
  10 iguanas
  11 worker ants
  3 sheep
  A hound skeleton (D:5)
  A hound zombie (D:8)
  24 adders
  3 gnolls (D:2)
  46 river rats
  A white imp (Abyss:2)
  3 shadow imps
  3 oozes
  An adder skeleton (D:6)
  17 worms
  5 giant geckos
  50 orcs
  2 bat skeletons
  7 giant cockroaches
  14 goblins
  13 hobgoblins
  22 jackals
  22 kobolds
  3 ball pythons
  17 bats
  A giant gecko skeleton (D:7)
  3 giant newts
  2 jackal skeletons
  4 quokkas
  17 rats
  A bush (Lair:7)
  3 plants (Lair:8)
  2 starspawn tentacles (Abyss:2)
983 creatures vanquished.

Vanquished Creatures (collateral kills)
  An anaconda (Snake:3)
  2 lindwurms
  A mana viper (Snake:3)
  A giant leech (Lair:8)
  A wasp (Lair:8)
  A worm (Lair:8)
7 creatures vanquished.

Vanquished Creatures (others)
  A hydra (Lair:5)
  A spiny frog (Lair:5)
  A dancing weapon (D:13)
  A yak (Lair:5)
  2 hippogriffs (Lair:5)
  A naga (Lair:5)
  A human (D:3)
  A bush (Lair:8)
  28 fungi
  33 plants
  15 starspawn tentacles
  127 starspawn tentacle segments
  5 tentacles (Abyss:1)
  313 tentacle segments (Abyss:1)
530 creatures vanquished.

Grand Total: 1520 creatures vanquished

Action                   |  1- 3 |  4- 6 |  7- 9 | 10-12 | 13-15 | 16-18 || total
-------------------------+-------+-------+-------+-------+-------+-------++-------
Melee: Falchion          |   152 |   173 |   221 |   106 |   415 |       ||  1067
       Dagger            |       |   103 |   545 |   968 |  1064 |       ||  2680
       Rapier            |       |       |       |    18 |    62 |       ||    80
       Scimitar          |       |       |       |       |   216 |       ||   216
       Demon blade       |       |       |       |       |   536 |   378 ||   914
Throw: Tomahawk          |       |       |       |     7 |       |       ||     7
 Cast: Blink             |       |       |       |     6 |     5 |       ||    11
       Teleport Other    |       |       |       |     5 |       |       ||     5
       Apportation       |       |       |       |     1 |     5 |       ||     6
       Confuse           |       |       |       |       |    31 |    20 ||    51
       Tukima's Dance    |       |       |       |       |    10 |    11 ||    21
Invok: Potion Petition   |       |     1 |       |       |     4 |     2 ||     7
       Call Merchant     |       |       |     1 |     2 |     2 |       ||     5
Evoke: Wand              |       |       |     4 |    38 |    46 |     4 ||    92
       Fan of gales      |       |       |       |     1 |     3 |     1 ||     5
  Use: Scroll            |       |     8 |    10 |    17 |    42 |     2 ||    79
 Stab: Distracted        |       |       |       |     3 |    13 |     2 ||    18
       Invisible         |       |       |       |       |     4 |       ||     4
       Confused          |       |       |       |       |     7 |     9 ||    16

Vault maps used:
D:1:      lemuel_arrival_behind_the_door_small, minmay_splitting_lines
D:2:      ecumenical_altar_2, minmay_box_of_dots
D:3:      nicolae_qazlal_general_emergency, first_bread, glass_columns_c,
          tgw_kikubaaqudgha
D:4:      overflow_temple_1_default, serial_shops, shop, uniq_edmund,
          uniq_sigmund, uniq_eustachio
D:5:      cheibriados_altar_wand_db, old_standard_altar, lightli_temple_of_fire
D:6:      kennysheep_orc_sif_temple, cheibrodos_ashenzari_chains,
          minmay_temple_entry_large_hall, serial_shops, shop_fountains, shop,
          nicolae_shop_window_shopping, sword_in_stone
D:7:      serial_shops, nicolae_shop_window_shopping, uniq_joseph
D:8:      erik_lair_island, serial_shops, shop, david_nohive_1
D:9:      david_orc_4, water_maze_lemuel
D:10:     nicolae_whirlpool
D:11:     nicolae_trove_entry_crossroad, due_unseen_surprise
D:12:     serial_shops, shop, minmay_misc_feat_pillars,
          hangedman_abyss_or_decor_lesser_grid, hangedman_decor_diamond_cutter
D:13:     kennysheep_treasure_room
D:14:     david_vaults_2, basic_altar, patterned_corridor, uniq_frances,
          uniq_azrael
D:15:     grunt_enter_depths_hoard, minmay_misc_feat_columns,
          minmay_diamond_spiral
Lair:1:   dpeg_stationary_puzzle, grunt_megastairs_3
Lair:2:   st_stairs_12, serial_bayou_shore_a, lemuel_fruit_fields
Lair:3:   minmay_shoals_entry_hut, cheibrodos_lair_caveside_slide
Lair:4:   minmay_lindwurm_lava, uniq_snorg
Lair:5:   forest_paths, guppyfry_snake_entry_island
Lair:6:   dummy_snake_entry, beast_lair_carwin_11
Lair:7:   minmay_lair_oklob_items
Lair:8:   wormcave, hangedman_lair_tendril_chambers, slime_dummy, tgw_fedhas
Snake:1:  statue_in_the_mist_lemuel, serial_bayou_shore_b
Snake:2:  basic_altar, spider_trap
Snake:3:  uniq_aizul, uniq_asterion, uniq_nikola, uniq_vashnia
Abyss:2:  evilmike_abyss_exit_4
Abyss:3:  hangedman_abyss_town, evilmike_abyss_exit_3
